 Dungeon Crawl Stone Soup version 0.30-a0-242-g7bf8e6d787 (webtiles) character file.

Game seed: 1863073727450454730

34 NinjaNoafa the Twirler (level 3, 0/28 HPs)
             Began as a Demonspawn Gladiator on Oct 11, 2022.
             Slain by a hobgoblin (2 damage)
             ... led by Robin
             ... on level 2 of the Dungeon.
             The game lasted 00:01:20 (847 turns).

NinjaNoafa the Twirler (Demonspawn Gladiator)        Turns: 847, Time: 00:01:21

Health: 0/28       AC:  4    Str: 14    XL:     3   Next: 14%
Magic:  3/3        EV: 14    Int:  9    God:
Gold:   83         SH:  0    Dex: 16    Spells: 2/2 levels left

rFire   . . .      SeeInvis .    a - +0 quarterstaff
rCold   . . .      Faith    .    (shield currently unavailable)
rNeg    . . .      Spirit   .    b - +0 leather armour
rPois   .          Reflect  .    c - +0 helmet
rElec   .          Harm     .    (no cloak)
rCorr   +          Rampage  .    (no gloves)
Will    .....                    (no boots)
Stlth   +.........               (no amulet)
HPRegen 0.24/turn                g - ring of resist corrosion
MPRegen 0.08/turn                (no ring)

@: no status effects
A: repulsion field 1, demonic touch 1
a: no special abilities


You were on level 2 of the Dungeon.
You visited 1 branch of the dungeon, and saw 2 of its levels.

You collected 83 gold pieces.

Inventory:

Hand Weapons
 a - a +0 quarterstaff (weapon)
Missiles
 d - 3 throwing nets (quivered)
 j - 7 stones
Armour
 b - a +0 leather armour (worn)
 c - a +0 helmet (worn)
Jewellery
 g - a ring of resist corrosion (left hand)
Potions
 e - a potion of curing {unknown}
 f - a potion of magic {unknown}
 h - 2 potions of attraction {unknown}
 i - a potion of degeneration {unknown}


   Skills:
 + Level 2.4 Fighting
 * Level 3.1 Staves
 + Level 2.2 Throwing
 - Level 3.0 Dodging


You had 2 spell levels left.
You didn't know any spells.
Your spell library was empty.

Dungeon Overview and Level Annotations

Branches:
Dungeon (2/15)

Altars:

Annotations:
D:2 Robin


Innate Abilities, Weirdness & Mutations

You are surrounded by a mild repulsion field. (EV +2)
Your touch may inflict minor irresistible damage on your foes.


Message History

The goblin closely misses you.
Things that are here:
a +0 club; a +0 club The goblin hits you but does no damage.
Robin hits you with a +0 whip. The goblin closely misses you.
The hobgoblin misses you.
You barely miss the goblin.
The goblin is severely wounded.
Robin hits you but does no damage. The goblin hits you with a +0 club. x2
The hobgoblin barely misses you.
You hit the goblin.
You kill the goblin!
Robin completely misses you. The goblin hits you but does no damage.
The hobgoblin completely misses you.
You closely miss Robin.
Robin roars a battlecry!
The goblins go into a battle-frenzy!
The goblin hits you but does no damage. The hobgoblin closely misses you.
You closely miss Robin. Robin closely misses you.
The goblin closely misses you. The hobgoblin completely misses you.
Robin throws the goblin at you! The hobgoblin closely misses you.
The goblin barely misses you. x2
You barely miss Robin. Robin misses you. The goblin barely misses you.
The goblin hits you but does no damage. The hobgoblin barely misses you.
You hit Robin.
Robin is lightly wounded.
Robin barely misses you. The goblin hits you with a +0 club.
The goblin hits you but does no damage. The hobgoblin closely misses you.
You sock Robin!
Robin is severely wounded.
Robin hits you with a +0 whip. The goblin completely misses you.
The goblin barely misses you. The hobgoblin hits you.
* * * LOW HITPOINT WARNING * * *
You hit Robin but do no damage.
Robin is severely wounded.
Robin hits you but does no damage. The goblin closely misses you.
The goblin hits you with a +0 dagger.
* * * LOW HITPOINT WARNING * * *
The hobgoblin hits you.
You die...

.. # #............. ..
#.##............ ##
#............... .. ###
#.#............ # ..
..#..#......... #
#.##.##...#........ #
#####.#..##...#######..
# #.....g.####...####
##. #
.###g@)..).......# ## #
......gg.)..###....# ..
.##########.####...# #
#[.......# ######...#
#...# #...# #####


You could see Robin, a hobgoblin (strong) and 2 goblins.

Vanquished Creatures
  An adder (D:2)
  A dart slug (D:1)
  2 endoplasms
  A giant cockroach (D:1)
  7 goblins
  4 hobgoblins (D:1)
  3 ball pythons
  A kobold (D:1)
  A rat (D:1)
21 creatures vanquished.

Notes
Turn   | Place    | Note
-------+----------+-------------------------------------------
     0 | D:1      | NinjaNoafa the Demonspawn Gladiator began the quest for the
                  | Orb.
     0 | D:1      | Reached XP level 1. HP: 16/16 MP: 1/1
   230 | D:1      | Gained mutation: You are surrounded by a mild repulsion
                  | field. (EV +2) [demonic ancestry]
   230 | D:1      | Reached XP level 2. HP: 22/22 MP: 2/2
   688 | D:2      | Noticed Robin
   815 | D:2      | Gained mutation: Your touch may inflict minor irresistible
                  | damage on your foes. [demonic ancestry]
   815 | D:2      | Reached XP level 3. HP: 27/28 MP: 3/3
   847 | D:2      | Slain by a hobgoblin

Illustrated notes

Levels and vault maps discovered:
D:1:      psy_arrival_basics, layout_basic
D:2:      kennysheep_six_static_rooms, layout_rooms, basic_altar, uniq_robin

Skill      XL: |  1  2 |
---------------+-------+-----
Throwing       | 2 |  2.2
Staves         | 3 |  3.1
Dodging        | 3 |  3.0
Fighting       | |  2.4

Action                   || total
-------------------------++-------
Melee: Quarterstaff      ||    42
Throw: Stone             ||     5
       Javelin           ||     2
       Throwing net      ||     1
Armor: Leather armour    ||    17
Dodge: Dodged            ||    56

Table legend: (Time is in decaauts)
 A = Elapsed time spent in this place.
 B = Non-inter-level travel time spent in this place.
 C = Inter-level travel time spent in this place.
 D = Time resting spent in this place.
 E = Time spent auto-exploring this place.
 F = Levels seen in this place.
 G = Mean time per level.
                   A        B        C        D        E       F      G
               +--------+--------+--------+--------+--------+-----+--------+
         Total |    853 |    822 |     31 |      0 |    670 |   2 |  426.5 |
       Dungeon |    853 |    822 |     31 |      0 |    670 |   2 |  426.5 |
               +--------+--------+--------+--------+--------+-----+--------+

Top non-repeatable levels by time:
     D:1: 771 daAuts
     D:2: 82 daAuts
